 Dungeon Crawl Stone Soup version 0.31-a0-229-g1fc7ce93e2 (webtiles) character file.

Game seed: 13374473751947725916

81 qw the Shooter (level 4, -2/26 HPs)
             Began as a Gargoyle Hexslinger on July 6, 2023.
             Slain by a wight
             ... wielding a +0 long sword
              (10 damage)
             ... on level 4 of the Dungeon.
             The game lasted 00:00:56 (2323 turns).

qw the Shooter (Gargoyle Hexslinger)                Turns: 2323, Time: 00:00:57

Health: -2/26      AC:  8    Str: 11    XL:     4   Next: 42%
Magic:  5/5        EV: 10    Int: 14    God:
Gold:   121        SH:  0    Dex: 14    Spells: 4/5 levels left

rFire   . . .        Y - +1 sling (flame)
rCold   . . .        (no shield)
rNeg    + . .        f - +0 ring mail
rPois   inf          (no helmet)
rElec   +            (no cloak)
rCorr   .            (no gloves)
SInv    .            (no boots)
Will    .....        (no amulet)
Stlth   +            (no ring)
HPRegen 0.24/turn    (no ring)
MPRegen 0.09/turn

%: clarity
@: flying
A: sickness immunity, AC +3, negative energy resistance 1, electricity
resistance, torment resistance 1, petrification resistance, big wings, clarity
a: no special abilities


You were on level 4 of the Dungeon.
You visited 1 branch of the dungeon, and saw 4 of its levels.

You collected 121 gold pieces.


Innate Abilities, Weirdness & Mutations

You are immune to sickness and miasma.
Your stone body is resilient. (AC +3)
You are immune to poison.
You resist negative energy. (rN+)
You are resistant to electric shocks. (rElec)
You are resistant to unholy torment.
You are immune to petrification.
Your large and strong wings let you fly.
You possess an exceptional clarity of mind.


   Skills:
 - Level 2.0 Fighting
 + Level 4.0 Ranged Weapons
 - Level 1.0 Armour
 - Level 1.5 Dodging
 - Level 1.0 Spellcasting
 - Level 2.6 Hexes


You had 4 spell levels left.
You knew the following spells:

 Your Spells              Type           Power      Damage    Failure   Level
a - Slow                  Hex            32%        N/A       21%         1

Your spell library contained the following spells:

 Spells                   Type           Power      Damage    Failure   Level
 Inner Flame              Hex/Fire       4%         N/A       71%         3
 Portal Projectile        Hex/Tloc       8%         N/A       71%         3
 Cause Fear               Hex            4%         N/A       90%         4

Inventory:

Hand Weapons
 Y - a +1 sling of flaming (weapon)
Armour
 f - a +0 ring mail (worn)
Scrolls
 c - a scroll of teleportation
 i - a scroll of identify
Potions
 b - 2 potions of might
 d - a potion of lignification {unknown}
 e - a potion of heal wounds {unknown}
 g - a potion of mutation
 h - 4 potions of curing
 k - a potion of enlightenment

Dungeon Overview and Level Annotations

Branches:
Dungeon (4/15)
 Temple: D:4-7

Altars:
Dithmenos
Fedhas
Wu Jian

Shops:
D:3 (


Message History

The sling bullet hits the wight but does no damage.
A wight comes into view. It is wielding a +3 halberd.
You shoot a sling bullet. The sling bullet hits the wight.
The sling bullet burns the wight.
The wight is lightly damaged.
You shoot a sling bullet. The sling bullet hits the wight.
The sling bullet burns the wight.
The wight is heavily damaged.
The wight barely misses you.
The wight hits you from afar with a +3 halberd.
You shoot a sling bullet.
The sling bullet completely misses the wight.
The sling bullet hits the wight but does no damage.
The wight hits you from afar with a +3 halberd!
You shoot a sling bullet. The sling bullet hits the wight.
The sling bullet burns the wight.
The wight is almost destroyed.
The wight hits you from afar with a +3 halberd!
You shoot a sling bullet.
The sling bullet hits the wight but does no damage.
The wight is almost destroyed.
The wight closely misses you.
You shoot a sling bullet.
The sling bullet barely misses the wight. x2
You shoot a sling bullet. The sling bullet hits the wight.
The sling bullet burns the wight.
The wight is heavily damaged.
The wight hits you with a +0 long sword.
You shoot a sling bullet.
The sling bullet closely misses the wight.
The sling bullet hits the wight.
The sling bullet burns the wight.
The wight is lightly damaged.
The wight hits you but does no damage.
You shoot a sling bullet.
The sling bullet closely misses the wight.
The sling bullet barely misses the wight.
The sling bullet hits the wight.
The sling bullet burns the wight.
You destroy the wight!
The wight hits you with a +0 long sword!
You die...

.. .####
..... ... .).
#z# #z# .##
##@# ...#
##.#..#
#..##.###.#
#....## #.[
#..##.###.###
.... #..#..##
...# #.#....#
### ##
#.##...# ^..
#.##...###.#


You could see 2 wights.

Vanquished Creatures
  A wight (D:4)
  An adder (D:3)
  5 dart slugs
  3 endoplasms
  4 giant cockroaches
  6 hobgoblins
  7 jackals
  3 quokkas
  3 ball pythons
  3 bats
  2 frilled lizards
  10 goblins
  3 kobolds
  8 rats
59 creatures vanquished.

Notes
Turn   | Place    | Note
-------+----------+-------------------------------------------
     0 | D:1      | qw the Gargoyle Hexslinger began the quest for the Orb.
     0 | D:1      | Reached XP level 1. HP: 12/12 MP: 2/2
     0 | D:1      | 0 ||| qw: Version: 0.3-a-46-gb1f654a
     0 | D:1      | 0 ||| qw: Game counter: 1230
     0 | D:1      | 0 ||| qw: Melee chars always use a shield: true
     0 | D:1      | 0 ||| qw: God list: Okawaru
     0 | D:1      | 0 ||| qw: Allow faded altars: false
     0 | D:1      | 0 ||| qw: Do Orc after clearing Dungeon:15 true
     0 | D:1      | 0 ||| qw: Do second Lair branch before Depths: true
     0 | D:1      | 0 ||| qw: Lair rune preference: random
     0 | D:1      | 0 ||| qw: Goals: Normal
     0 | D:1      | 0 ||| PLANNING D:1-11
   224 | D:1      | Reached XP level 2. HP: 16/16 MP: 3/3
   365 | D:1      | HP: 3/16 [dart slug/slug dart (2)]
   367 | D:1      | Reached skill level 3 in Ranged Weapons
   759 | D:1      | Reached XP level 3. HP: 21/21 MP: 4/4
   782 | D:1      | 782 ||| UPGRADING to +0 ring mail.
   792 | D:1      | 792 ||| DROPPING +0 robe.
   793 | D:1      | 793 ||| READING scroll labelled IRUSIN JUTA.
   794 | D:1      | 794 ||| READING 2 scrolls labelled HUVODUH XOHIU.
   795 | D:1      | 795 ||| READING scroll labelled ENGIPE HEIDEYPP.
   800 | D:1      | 800 ||| DROPPING scroll of poison.
  1030 | D:2      | 1030 ||| FLEEEEING.
  1031 | D:2      | 1031 ||| FLEEEEING.
  1032 | D:2      | 1032 ||| FLEEEEING.
  1631 | D:2      | 1631 ||| READING scroll labelled EFROTZ XUICOES.
  1632 | D:2      | 1632 ||| DRINKING 3 clear potions.
  1633 | D:2      | 1633 ||| DRINKING 4 lumpy yellow potions.
  1634 | D:2      | 1634 ||| DRINKING 2 golden potions.
  1738 | D:2      | 1738 ||| DRINKING 2 fuming cyan potions.
  1739 | D:2      | 1739 ||| DROPPING potion of berserk rage.
  1753 | D:3      | 1753 ||| STAIRDANCE
  1767 | D:2      | Reached XP level 4. HP: 24/26 MP: 5/5
  1838 | D:3      | Found Zigg's Antique Weapon Boutique.
  1847 | D:3      | 1847 ||| SWAPPING to +1 sling of flaming.
  1848 | D:3      | 1848 ||| DROPPING +1 sling.
  1860 | D:3      | Found a faded altar of an unknown god.
  1895 | D:3      | Found a shadowy altar of Dithmenos.
  2031 | D:3      | Reached skill level 4 in Ranged Weapons
  2097 | D:3      | Found an ornate altar of the Wu Jian Council.
  2127 | D:3      | Reached skill level 1 in Armour
  2264 | D:3      | 2264 ||| READING scroll labelled OHAATSU EDGH.
  2265 | D:3      | 2265 ||| DRINKING 2 fuming ruby potions.
  2265 | D:3      | Gained mutation: Your large and strong wings let you fly.
                  | [potion of mutation]
  2265 | D:3      | Gained mutation: You possess an exceptional clarity of
                  | mind. [potion of mutation]
  2266 | D:3      | 2266 ||| DRINKING 2 bubbling grey potions.
  2267 | D:3      | 2267 ||| DROPPING potion of attraction.
  2292 | D:4      | Found a blossoming altar of Fedhas.
  2323 | D:4      | Slain by a wight

Levels and vault maps discovered:
D:1:      dpeg_arrival_connections, layout_basic, serial_corexii_hall,
          corexii_hall_statues_u, chequers_hall_statues_y
D:2:      layout_basic, dk_vineyard_1
D:3:      layout_basic, mainiacjoe_overflow_24_doors,
          mainiacjoe_overflow_alcove_1, ebering_ecumenical_altar_mist,
          serial_shops, shop_statue, minmay_quadrilaterals
D:4:      layout_loops_ring, mainiacjoe_overflow_six_doors_small,
          trog_ov_bears_minmay

Skill      XL: |  1  2  3  4 |
---------------+-------------+-----
Ranged Weapons | 3 4 |  4.0
Fighting       | 2 |  2.0
Armour         | 1 |  1.0
Dodging        | |  1.5
Spellcasting   | |  1.0
Hexes          | |  2.6

Action                     |  1- 3 |  4- 6 || total
---------------------------+-------+-------++-------
   Fire: Sling             |   163 |    45 ||   208
    Use: Potion            |     4 |     2 ||     6
         Scroll            |     4 |     1 ||     5
 Armour: Robe              |     2 |       ||     2
         Ring mail         |    52 |     4 ||    56
  Dodge: Dodged            |    81 |     8 ||    89

Table legend:
 A = Non-vault XP
 B = Vault XP
 C = Vault XP percentage of total XP
 D = Non-vault monster count
 E = Vault monster count
 F = Vault count percentage of total count
                 A         B        C        D         E       F
            +---------+---------+-------+---------+---------+-------
      Total |     181 |       8 |   4.2 |      55 |       4 |   6.8
            +---------+---------+-------+---------+---------+-------
        D:1 |      35 |       0 |   0.0 |      21 |       0 |   0.0
        D:2 |      44 |       0 |   0.0 |      23 |       0 |   0.0
        D:3 |      28 |       8 |  22.2 |       9 |       4 |  30.8
        D:4 |      74 |       0 |   0.0 |       2 |       0 |   0.0
            +---------+---------+-------+---------+---------+-------
